Description

liquidthermy

Replay - LiquidSnute v liquidthermy: Game 2 - Catalyst LE

Build Order

Get SALT Encoding   

  12  0:01  Probe  
  13  0:13  Probe  
  14  0:18  Pylon  
  14  0:22  Probe  
  15  0:32  Probe  
  15  0:38  Forge  
  16  0:43  Probe  
  17  0:55  Probe  
  18  1:08  Pylon  
  18  1:13  Pylon x2  
  18  1:26  Photon Cannon  
  18  1:30  Pylon  
  18  1:43  Photon Cannon  
  18  1:52  Photon Cannon  
  18  2:04  Photon Cannon  
  18  2:06  Gateway  
  18  2:13  Photon Cannon  
  18  2:22  Photon Cannon  
  18  2:26  Gateway  
  18  2:31  Assimilator  
  18  2:33  Probe  
  19  2:42  Assimilator  
  19  2:45  Probe  
  20  2:53  Cybernetics Core  
  20  2:54  Probe  
  21  3:04  Photon Cannon  
  21  3:13  Probe  
  21  3:15  Gateway  
  21  3:19  Stalker  
  25  3:34  Shield Battery  
  26  3:42  Stalker, Shield Battery  
  28  4:07  Stalker  
  28  4:11  Stalker  
  29  4:27  Shield Battery  
  29  4:37  Stalker  
  31  4:44  Stalker  
  33  4:46  Shield Battery  
  33  5:03  Shield Battery  
  33  5:07  Stalker  
  35  5:11  Stalker, Shield Battery  
  37  5:34  Stalker x2  
  45  6:17  Shield Battery x2  
Spawning Tool Build Advisor. Get it on Overwolf

Go to:

Details

  • Created by: jacobgantzpoylglot
  • Published on: Jul 02, 2018
  • Modified on: Jul 02, 2018
  • Patch: 4.0.0
Show
View Real Time Build Order
Export as new Build Order

Comments (0)

There are no comments. Be the first!

Create an account to comment!